Unix NetHack Version 5.0.0-0 post-release - last build Jun 10 2026 00:39:30 (3ee93aec679c4c4259841fe613dc97188e26a321,branch:main).

Game began 2026-06-30 00:04:41, ended 2026-06-30 00:28:59.

Jinnora, neutral female human Wizard

    ----------
    |..<.....|
    |.........#############
    |........|            #       ------------
    |........|            # #   #|C.........C|
    -------.--            ######N@e....C.....|
                            #   #|...-----   |
                                  ...|
                                   .C|
                                   ..|
                                    .-
                                    ..
                                     .
                                     --

Jinnora the Thaumaturge   St:12 Dx:12 Co:15 In:18 Wi:11 Ch:11  Neutral
Dlvl:6  $:490 HP:0(59) Pw:32(61) AC:9  Xp:7/756 T:3999  Burdened

Latest messages:
 That door is closed.
 In what direction? o
 Never mind.
 In what direction? 2
 Whammm!!
 In what direction? 2
 As you kick the door, it crashes open!
 In what direction? <esc>
 You miss the iguana.
 The iguana bites!
 You hit the iguana.
 You hit the iguana.
 The iguana bites!
 You kill the iguana!
 You see here a dark potion.
 You have a little trouble lifting a dark potion.  Continue? [ynq] (q) y
 You have a little trouble lifting y - a dark potion.
 Your movements are slowed slightly because of your load.
 You see here 11 gold pieces.
 You have a little trouble lifting $ - 11 gold pieces (490 in total).
 You fall down the stairs.
 You see here a scroll labeled VE FORBRYDERNE.
 You have a little trouble lifting z - a scroll labeled VE FORBRYDERNE.
 What do you want to read? [ijzIN or ?*] N
 As you read the scroll, it disappears.
 Who was that Maud person anyway?
 In what direction? i
 You miss the floating eye.
 You are frozen by the floating eye's gaze!
 The red naga hatchling bites!
 The red naga hatchling bites!
 The red naga hatchling bites!
 The red naga hatchling bites!
 The red naga hatchling bites!
 The red naga hatchling bites!
 The red naga hatchling bites!
 The red naga hatchling bites!
 The red naga hatchling bites!
 The red naga hatchling bites!
 The red naga hatchling bites!
 The red naga hatchling bites!
 The red naga hatchling bites!
 The red naga hatchling bites!
 The red naga hatchling bites!
 The red naga hatchling bites!
 The red naga hatchling bites!
 The red naga hatchling bites!
 The red naga hatchling bites!
 You die...
 Do you want your possessions identified? [ynq] (y) q

Inventory:
 Coins    ('$')
  $ - 490 gold pieces
 Weapons  (')')
  a - a blessed +1 quarterstaff (weapon in hands)
 Armor    ('[')
  X - an uncursed +1 pair of leather gloves
  b - an uncursed +0 cloak of magic resistance (being worn)
  V - an uncursed +0 dwarvish mithril-coat
 Comestibles  ('%')
  t - an uncursed food ration
  x - an uncursed lichen corpse
  s - an uncursed lizard corpse
 Scrolls  ('?')
  z - a blessed scroll of amnesia
  j - an uncursed scroll of destroy armor
  I - 2 uncursed scrolls of identify
  i - an uncursed scroll of taming
 Potions  ('!')
  y - an uncursed potion of enlightenment
  l - a blessed potion of extra healing
  r - an uncursed potion of fruit juice
  q - 2 uncursed potions of healing
  J - a cursed potion of healing
  f - an uncursed potion of invisibility
  h - an uncursed potion of levitation
  P - an uncursed potion of paralysis
  k - an uncursed potion of sickness
  B - a blessed potion of speed
  w - an uncursed potion of water
 Rings    ('=')
  D - a cursed -1 ring of adornment
  e - an uncursed ring of free action
  O - a cursed -1 ring of gain constitution
  d - an uncursed ring of shock resistance
 Wands    ('/')
  o - an uncursed wand of create monster (0:13)
  c - an uncursed wand of speed monster (0:4)
 Tools    ('(')
  n - an uncursed magic marker (0:20)
  F - an uncursed oil lamp
  G - an uncursed +0 pick-axe
  E - an uncursed tallow candle
 Gems/Stones  ('*')
  M - an uncursed black opal
  m - an uncursed citrine stone
  Z - 2 uncursed diamonds
  H - 3 uncursed opals
  Q - 2 uncursed worthless pieces of blue glass
  u - an uncursed worthless piece of red glass
  Y - 4 uncursed worthless pieces of violet glass
  U - an uncursed worthless piece of white glass
  K - 3 uncursed worthless pieces of yellowish brown glass
  g - 4 uncursed flint stones

Jinnora the Wizard's attributes:

Background:
 You were a Thaumaturge, a level 7 female human Wizard.
 You were neutral, on a mission for Thoth
 who was opposed by Ptah (lawful) and Anhur (chaotic).
 You were right-handed.
 You were in the Dungeons of Doom, on level 6.
 You entered the dungeon 3999 turns ago.
 It was the midnight hour.
 There was a full moon in effect when your adventure ended.
 You had 756 experience points, 524 more were needed to attain level 8.

Basics:
 You had 0 out of 59 hit points.
 You had 32 out of 61 energy points (spell power).
 Your armor class was 9.
 Your wallet contained 490 zorkmids.
 Autopickup was off.

Final Characteristics:
 Your strength was 12 (limit:18/100).
 Your dexterity was 12 (limit:18).
 Your constitution was 15 (limit:18).
 Your intelligence was 18 (limit:18).
 Your wisdom was 11 (limit:18).
 Your charisma was 11 (limit:18).

Final Status:
 You weren't hungry.
 You were burdened; movement was slightly slowed.
 You were wielding a quarterstaff.
 You had basic skill with quarterstaff and could have enhanced that.

Final Attributes:
 You were piously aligned.
 You were magic-protected.
 You were warded.
 You were lucky.
 You are dead.

Miscellaneous:
 You encountered 1 bones level.
 Total elapsed playing time was 24 minutes and 18 seconds.

Major events:
 Turn
    1: Jinnora the neutral female human Wizard entered the dungeon
  401: attained the rank of Conjurer (level 3)
  738: entered the Gnomish Mines
 1484: attained the rank of Thaumaturge (level 6)
 1637: reached Mine Town
 3999: killed by a red naga hatchling, while frozen by a floating eye's gaze

Spells:
 Name                 Level Category     Fail Retention
 force bolt             1   attack         0%   81%-90%
 extra healing          3   healing       71%    (gone)
 magic missile          2   attack         0%    (gone)
 cure sickness          3   healing       71%  76%-100%
 detect food            2   divination    31%  76%-100%

Skills:
 Fighting Skills
   bare handed combat [Unskilled]
   riding             [Unskilled]
 Weapon Skills
   dagger             [Unskilled]
   knife              [Unskilled]
   axe                [Unskilled]
   short sword        [Unskilled]
   club               [Unskilled]
   mace               [Unskilled]
   quarterstaff       [Basic]
   polearms           [Unskilled]
   spear              [Unskilled]
   trident            [Unskilled]
   sling              [Unskilled]
   dart               [Unskilled]
   shuriken           [Unskilled]
 Spellcasting Skills
   attack spells      [Basic]
   healing spells     [Unskilled]
   divination spells  [Unskilled]
   enchantment spells [Basic]
   clerical spells    [Unskilled]
   escape spells      [Unskilled]
   matter spells      [Unskilled]

Voluntary challenges:
 Character rerolling was not enabled.
 You never genocided any monsters.
 You never polymorphed an object.
 You never changed form.
 You used no wishes.
Achievements:
 You attained the rank of Conjurer.
 You entered the Gnomish Mines.
 You attained the rank of Thaumaturge.
 You entered Minetown.
 You entered a shop.

 The Dungeons of Doom: levels 1 to 6
    Level 1:
       A fountain.
    Level 2:
       Some fountains.
       Stairs down to The Gnomish Mines.
    Level 3:
    Level 4:
       A general store.
    Level 5:
    Level 6: <- You were here.
       Final resting place for
          you, killed by a red naga hatchling, while frozen by a floating eye's gaze.
 The Gnomish Mines: levels 3 to 6
    Level 3:
    Level 4:
    Level 5:
    Level 6:
       Final resting place for
          kodon-Wiz-Elf-Mal-Cha, killed by a werejackal.


Vanquished creatures:
  a dwarf mummy
  a gold golem
  a lizard
  a jaguar
  a blue jelly
  a plains centaur
  a rock piercer
  2 yellow lights
  a shrieker
  5 gnome leaders
  2 gnomish wizards
  a gray ooze
  3 elf zombies
  2 giant ants
  a little dog
  a floating eye
  8 dwarves
  a kobold leader
  3 hill orcs
  a rothe
  a rabid rat
  a giant bat
 an orc zombie
  2 werejackals
  2 iguanas
  a coyote
  2 hobbits
  4 manes
  a hobgoblin
  2 brown molds
  a yellow mold
  a green mold
 26 gnomes
  a garter snake
  2 geckos
  4 jackals
  a fox
  2 goblins
  7 grid bugs
  3 lichens
  a kobold zombie
  9 newts
113 creatures vanquished.

No species were genocided or became extinct.

Game over:
                       ----------
                      /          \
                     /    REST    \
                    /      IN      \
                   /     PEACE      \
                  /                  \
                  |     Jinnora      |
                  |      490 Au      |
                  | killed by a red  |
                  |  naga hatchling  |
                  |                  |
                  |                  |
                  |       2026       |
                 *|     *  *  *      | *
        _________)/\\_//(\/(/\)/\//\/|_)_______

Goodbye Jinnora the Wizard...

You died in The Dungeons of Doom on dungeon level 6 with 3735 points,
and 490 pieces of gold, after 3999 moves.
You were level 7 with a maximum of 59 hit points when you died.

